 Dungeon Crawl Stone Soup version 0.29.1-1-gd02db6906a (webtiles) character file.

Game seed: 16167321369102826795

15897 LabCoat the Fighter (level 12, -3/168 HPs)
             Began as a Hill Orc Fighter on Oct 16, 2022.
             Was a Follower of Trog.
             Slain by a troll (9 damage)
             ... on level 11 of the Dungeon.
             The game lasted 00:59:48 (13507 turns).

LabCoat the Fighter (Hill Orc Fighter)             Turns: 13507, Time: 00:59:48

Health: -3/168     AC: 16    Str: 33    XL:     12   Next: 31%
Magic:  12/12      EV: 11    Int:  8    God:    Trog [*.....]
Gold:   367        SH:  5    Dex: 10    Spells: 11/11 levels left

rFire   . . .      SeeInvis .   u - +0 broad axe (venom)
rCold   . . .      Faith    .   c - +0 buckler
rNeg    . . .      Spirit   .   d - +0 chain mail
rPois   +          Reflect  .   g - +0 helmet
rElec   .          Harm     .   j - +0 cloak
rCorr   .          Rampage  .   h - +0 pair of gloves {Str+3}
Will    .....                   J - +0 pair of boots
Stlth   ..........              (no amulet)
HPRegen 0.38/turn               m - +6 ring of strength
MPRegen 0.13/turn               k - ring of poison resistance

@: berserking, very quick
A: no striking features
a: Renounce Religion, Berserk


You were on level 11 of the Dungeon.
You worshipped Trog.
Trog was aware of your devotion.
You visited 2 branches of the dungeon, and saw 13 of its levels.

You collected 574 gold pieces.
You spent 207 gold pieces at shops.

Inventory:

Hand Weapons
 a - a +1 war axe of protection
 r - a +3 morningstar
 u - a +0 broad axe of venom (weapon)
Missiles
 o - 18 poisoned darts
 y - a javelin (quivered)
Armour
 c - a +0 buckler (worn)
 d - a +0 chain mail (worn)
 g - a +0 helmet (worn)
 h - a +0 pair of gloves of strength (worn)
 j - a +0 cloak (worn)
 p - a +0 plate armour
 J - a +0 pair of boots (worn)
Jewellery
 k - a ring of poison resistance (right hand)
 m - a +6 ring of strength (left hand)
 x - a ring of willpower
 B - a ring of fire
Wands
 v - a wand of mindburst (9)
Scrolls
 b - 2 scrolls of amnesia
 e - a scroll of brand weapon
 i - a scroll of teleportation
 s - a scroll of blinking {unknown}
 w - a scroll of noise {unknown}
 z - a scroll of fear {unknown}
 G - a scroll of magic mapping {unknown}
 H - a scroll of poison
Potions
 f - 4 potions of brilliance
 l - a potion of cancellation {unknown}
 n - a potion of degeneration {unknown}
 q - 2 potions of flight
 t - a potion of mutation {unknown}
 A - 2 potions of lignification
 C - a potion of attraction {unknown}
 D - 2 potions of magic
 E - a potion of resistance {unknown}
 F - a potion of haste
 K - a potion of might


   Skills:
 * Level 11.8 Fighting
 + Level 10.5 Axes
 + Level 5.9 Throwing
 * Level 8.6 Armour
 + Level 6.4 Dodging
 + Level 8.0 Shields
 + Level 6.5 Evocations


You had 11 spell levels left.
You didn't know any spells.
Your spell library contained the following spells:

 Spells                   Type           Power      Damage    Failure   Level
 Sandblast                Erth           0%         2d4       90%         1
 Passwall                 Tmut/Erth      0%         N/A       97%         2
 Gell's Gravitas          Tloc           0%         N/A       99%         3
 Lesser Beckoning         Tloc           0%         N/A       99%         3
 Stone Arrow              Conj/Erth      0%         3d7       99%         3
 Teleport Other           Tloc           0%         N/A       99%         3
 Leda's Liquefaction      Hex/Erth       0%         N/A       100%        4
 Lee's Rapid Deconstruct  Erth           0%         3d5*      100%        5
 Statue Form              Tmut/Erth      0%         N/A       100%        6


Dungeon Overview and Level Annotations

Branches:
Dungeon (12/15)            Temple (1/1) D:4             Orc (0/2) D:12
   Lair: D:8-11

Altars:
Ashenzari
Cheibriados
Dithmenos
Elyvilon
Fedhas
Gozag
Hepliaklqana
Kikubaaqudgha
Makhleb
Nemelex Xobeh
Okawaru
Qazlal
Ru
Sif Muna
Trog
Uskayaw
Vehumet
Wu Jian
Xom
Yredelemnul
Zin
The Shining One

Shops:
D:7 *   D:8 [


Message History

The troll is heavily wounded.
The troll bites you but does no damage. The troll claws you.
The troll claws you!
You are too injured to fight recklessly!
You hit the troll but do no damage.
The troll is heavily wounded.
The troll bites you! The troll claws you.
The troll claws you but does no damage.
You hit the troll.
The troll looks even sicker.
The troll is heavily wounded.
The troll bites you.
* * * LOW HITPOINT WARNING * * *
The troll claws you.
* * * LOW HITPOINT WARNING * * *
You block the troll's attack.
A red film seems to cover your vision as you go berserk!
You feel yourself moving faster!
You feel mighty! The troll bites you.
* * * LOW HITPOINT WARNING * * *
The troll claws you.
* * * LOW HITPOINT WARNING * * *
The troll claws you.
* * * LOW HITPOINT WARNING * * *
You closely miss the troll.
The troll is heavily wounded.
You hit something but do no damage.
The shadow strikes at you from the darkness!
The troll bites you!
* * * LOW HITPOINT WARNING * * *
The troll claws you but does no damage. The troll claws you.
* * * LOW HITPOINT WARNING * * *
You hit the troll.
The troll looks as sick as possible!
The troll is heavily wounded.
You miss something.
The shadow strikes at you from the darkness!
* * * LOW HITPOINT WARNING * * *
Reactivating autopickup.
You closely miss the troll.
The troll is heavily wounded.
You slash the shadow! The troll bites you!
You die...

#.....#.......#
#.....#'#######
#....).........
##..............
.....(..........
.......†........
................
####....T##########
#....W@...#....#
#.....#...#....#
########(###..#########
#..)).#..#....#..#
#.....#..........#
#.....#..........#
#.....#'##.###...#
......#......#.###...#
#######......'...'...#


You could see a troll (extremely poisoned) and a shadow.

Vanquished Creatures
  A stone giant (D:11)
  Snorg (D:12)
  A boulder beetle (D:11)
  A hydra (D:11)
  4 two-headed ogres
  A death knight (D:10)
  2 cyclopes
  Joseph (D:7)
  A gargoyle (D:7)
  5 trolls
  Prince Ribbit (D:6)
  A hornet (D:8)
  Sigmund (D:4)
  2 wraiths (D:10)
  A shadow (D:9)
  4 vampire mosquitoes (D:10)
  A wyvern (D:9)
  11 yaks
  2 steam dragons
  An acid dragon (D:9)
  3 ice beasts
  A black bear (D:7)
  4 orc warriors
  An ogre (D:6)
  2 centaurs (D:11)
  5 phantoms
  2 kobold brigands
  A gnoll sergeant (D:9)
  7 scorpions
  13 wights
  5 killer bees (D:9)
  9 howler monkeys
  3 orc priests
  A hound (D:6)
  3 jellies
  Crazy Yiuf (D:2)
  Ijyb (D:4)
  4 iguanas
  17 orc wizards
  11 gnolls
  7 adders
  A shadow imp (D:6)
  A white imp (D:6)
  3 ufetubi
  5 worms
  A dart slug (D:1)
  43 orcs
  6 ball pythons
  4 endoplasms
  3 giant cockroaches
  9 goblins
  4 hobgoblins
  2 jackals (D:4)
  3 quokkas
  4 bats
  7 frilled lizards
  20 kobolds
  3 rats
263 creatures vanquished.

Vanquished Creatures (others)
  An orc (D:7)
  2 fungi (D:1)
3 creatures vanquished.

Grand Total: 266 creatures vanquished

Notes
Turn   | Place    | Note
-------+----------+-------------------------------------------
     0 | D:1      | LabCoat the Hill Orc Fighter began the quest for the Orb.
     0 | D:1      | Reached XP level 1. HP: 19/19 MP: 1/1
   509 | D:1      | Reached XP level 2. HP: 27/27 MP: 2/2
   911 | D:1      | Reached skill level 4 in Fighting
  1188 | D:1      | Found a faded altar of an unknown god.
  1283 | D:2      | Reached XP level 3. HP: 33/33 MP: 3/3
  1298 | D:2      | Reached XP level 4. HP: 24/40 MP: 4/4
  1460 | D:2      | Reached skill level 1 in Evocations
  1464 | D:2      | Reached skill level 1 in Throwing
  2144 | D:2      | Reached XP level 5. HP: 47/47 MP: 5/5
  2535 | D:2      | Found a runed translucent door.
  2536 | D:2      | Noticed Crazy Yiuf
  2547 | D:2      | Killed Crazy Yiuf
  2896 | D:3      | Reached skill level 5 in Fighting
  3083 | D:3      | Reached XP level 6. HP: 53/56 MP: 6/6
  3447 | D:4      | Found a staircase to the Ecumenical Temple.
  3454 | Temple   | Entered the Ecumenical Temple
  3730 | D:4      | Reached skill level 5 in Axes
  4007 | D:4      | Reached XP level 7. HP: 55/62 MP: 7/7
  4008 | D:4      | Noticed Sigmund
  4034 | D:4      | Killed Sigmund
  4035 | D:4      | Reached skill level 6 in Fighting
  4035 | D:4      | Reached skill level 1 in Dodging
  4444 | D:4      | Noticed Ijyb
  4460 | D:4      | Killed Ijyb
  4923 | D:5      | Entered Level 5 of the Dungeon
  4947 | D:5      | Reached XP level 8. HP: 66/70 MP: 8/8
  5448 | D:5      | Reached skill level 5 in Shields
  5634 | D:6      | Reached skill level 7 in Fighting
  5734 | D:6      | Noticed Prince Ribbit
  5742 | D:6      | Reached skill level 5 in Armour
  5778 | D:6      | Killed Prince Ribbit
  5779 | D:6      | Reached XP level 9. HP: 27/79 MP: 9/9
  6964 | D:7      | Reached skill level 8 in Fighting
  7007 | D:7      | Noticed Joseph
  7321 | D:7      | Killed Joseph
  7575 | D:7      | Reached XP level 10. HP: 88/90 MP: 10/10
  7581 | D:7      | Noticed a gargoyle
  7587 | D:7      | Killed a gargoyle
  7588 | D:7      | Reached skill level 9 in Fighting
  7719 | D:7      | Found Itsim's General Store.
  7728 | D:7      | Bought a +0 pair of gloves of strength for 149 gold pieces
  8525 | D:8      | Found Buola's Antique Armour Boutique.
  9305 | D:9      | You fall into a shaft and drop 3 floors!
  9311 | D:12     | Noticed a cyclops
  9313 | D:12     | Killed a cyclops
  9314 | D:12     | Reached skill level 5 in Evocations
  9314 | D:12     | Noticed Snorg
  9333 | D:12     | Killed Snorg
  9334 | D:12     | Found a staircase to the Orcish Mines.
  9492 | D:11     | Noticed a two-headed ogre
  9500 | D:11     | Reached skill level 5 in Dodging
  9504 | D:11     | Reached skill level 10 in Fighting
  9685 | D:10     | Entered Level 10 of the Dungeon
  9970 | D:9      | Reached XP level 11. HP: 91/99 MP: 11/11
 10008 | D:9      | HP: 3/100 [troll (4)]
 10011 | D:9      | Reached skill level 5 in Throwing
 10405 | D:9      | Found a shimmering blue altar of Sif Muna.
 10410 | D:9      | Found a blossoming altar of Fedhas.
 10415 | D:9      | Found a bloodstained altar of Trog.
 10417 | D:9      | Found a broken altar of Ashenzari.
 10417 | D:9      | Found a white marble altar of Elyvilon.
 10417 | D:9      | Found a hide-covered altar of Uskayaw.
 10418 | D:9      | Found a shimmering altar of Xom.
 10423 | D:9      | Became a worshipper of Trog the Wrathful
 10849 | D:10     | Noticed a death knight
 10863 | D:10     | Killed a death knight
 11180 | D:10     | Found a radiant altar of Vehumet.
 11562 | D:10     | Noticed a two-headed ogre
 11570 | D:10     | Killed a two-headed ogre
 11982 | D:7      | Bought a +0 pair of boots for 58 gold pieces
 12394 | D:11     | Reached * piety under Trog
 12448 | D:11     | Noticed a two-headed ogre
 12448 | D:11     | Noticed a two-headed ogre
 12456 | D:11     | Killed a two-headed ogre
 12457 | D:11     | Reached skill level 11 in Fighting
 12457 | D:11     | Reached skill level 10 in Axes
 12459 | D:11     | Noticed a boulder beetle
 12460 | D:11     | Killed a two-headed ogre
 12484 | D:11     | Killed a boulder beetle
 12635 | D:11     | Noticed a stone giant
 12644 | D:11     | Killed a stone giant
 12645 | D:11     | Reached XP level 12. HP: 43/110 MP: 12/12
 12998 | D:11     | Killed a two-headed ogre
 13325 | D:11     | Noticed a seven-headed hydra
 13333 | D:11     | Killed a seven-headed hydra
 13506 | D:11     | HP: 6/168 [something (13)]
 13507 | D:11     | Slain by a troll

Illustrated notes

Levels and vault maps discovered:
D:1:      sevenhm_arrival_forest_fort_small_3, layout_basic,
          shapermc_ecumenical_altar_petra, kennysheep_minor_cross
D:2:      layout_basic, minmay_3d_cube, uniq_crazy_yiuf_cottage
D:3:      layout_loops_ring
D:4:      layout_layer_cave, minmay_temple_entry_gardened_gates,
          minmay_starry_boxes, uniq_ijyb, uniq_sigmund
D:5:      layout_cave_pools
D:6:      layout_loops_ring, uniq_prince_ribbit1
D:7:      layout_rooms, serial_shops, nicolae_shop_window_shopping, uniq_joseph
D:8:      layout_loops_corners, serial_shops, shop
D:9:      layout_basic, grunt_temple_overflow_open
D:10:     layout_basic, nicolae_overflow_hidden_temple
D:11:     minmay_the_grid_3x3 [minmay_the_grid_outer_circle,
          minmay_the_grid_minigrid_small_alt, minmay_the_grid_empty,
          minmay_the_grid_minigrid_medium, minmay_the_grid_mess,
          minmay_the_grid_all_tris, minmay_the_grid_doors,
          minmay_the_grid_plusring, minmay_the_grid_prize_diamond_cup],
          layout_gridville, erik_lair_dragon
D:12:     layout_long_grid, minmay_orc_entry_temple_small, uniq_snorg,
          uniq_josephine, uniq_fannar
Temple:   minmay_temple_curvy_branch

Skill      XL: |  1  2  3  4  5  6  7  8  9 10 11 12 |
---------------+-------------------------------------+-----
Axes           | 3 4 5 6 7 8 9 10 | 10.5
Fighting       | 4 5 6 7 8 10 11 | 11.8
Evocations     | 1 2 3 4 5 6 |  6.5
Throwing       | 1 2 3 4 5 |  5.9
Shields        | 4 5 6 7 8 |  8.0
Armour         | 4 5 6 8 |  8.6
Dodging        | 1 2 3 5 6 |  6.4

Action                   |  1- 3 |  4- 6 |  7- 9 | 10-12 || total
-------------------------+-------+-------+-------+-------++-------
Melee: War axe           |    52 |   193 |   230 |    54 ||   529
       Broad axe         |       |       |       |   249 ||   249
       Morningstar       |       |       |       |     3 ||     3
Throw: Throwing net      |       |     4 |     1 |     1 ||     6
       Dart              |       |       |     3 |    21 ||    24
       Boomerang         |       |       |     7 |     5 ||    12
       Javelin           |       |       |     1 |    31 ||    32
Invok: Berserk           |       |       |       |     3 ||     3
Evoke: Wand              |       |       |    14 |    31 ||    45
  Use: Scroll            |     4 |     5 |     6 |     5 ||    20
       Potion            |       |     1 |     8 |     5 ||    14
 Stab: Invisible         |       |     2 |     5 |     6 ||    13
Armor: Scale mail        |    20 |    56 |       |       ||    76
       Chain mail        |       |    35 |   116 |   160 ||   311
       Skin              |       |       |    18 |       ||    18
Dodge: Dodged            |    17 |    94 |   104 |   151 ||   366
Block: Buckler           |     9 |    45 |    58 |    89 ||   201
